 Dungeon Crawl Stone Soup version 0.32-a0-898-g7811c86cf0 (webtiles) character file.

Game seed: 8361943338813412045

9270 Doorstop00 the Cleaver (level 11, -15/95 HPs)
             Began as a Mountain Dwarf Berserker on Apr 4, 2024.
             Was a High Priest of Trog.
             Killed from afar by Jorgrun (57 damage)
             ... with an iron shot
             ... on level 12 of the Dungeon.
             The game lasted 00:39:01 (8694 turns).

Doorstop00 the Cleaver (Mountain Dwarf Berserker)   Turns: 8694, Time: 00:39:02

Health: -15/95     AC: 18    Str: 25    XL:     11   Next: 20%
Magic:  3/3        EV:  8    Int:  7    God:    Trog [*****.]
Gold:   291        SH:  4    Dex: 15    Spells: 10/10 levels left

rFire   + + .        s - +9 hand axe of Articulation {antimagic, rPois rN+ rCorr}
rCold   . . .        I - +0 buckler
rNeg    + . .        b - +0 plate armour {rF+}
rPois   +            r - +0 helmet
rElec   .            (no cloak)
rCorr   +            (no gloves)
SInv    +            F - +1 pair of boots
Will    ++...        g - amulet of regeneration Stlth
                     N - ring "Olodosma" {rF+ SInv}
HPRegen 1.15/turn    P - ring "Rovuamoq" {Will+ Str+2 Int-2 Dex+6 Stlth+}
MPRegen 0.08/turn

%: no passive effects
@: no status effects
A: runic magic, artefact enchanting
a: Renounce Religion, Berserk, Trog's Hand, Brothers in Arms


You were on level 12 of the Dungeon.
You worshipped Trog.
Trog was extremely pleased with you.
You visited 1 branch of the dungeon, and saw 12 of its levels.
You visited 1 bazaar.

You collected 681 gold pieces.
You spent 390 gold pieces at shops.

Inventory:

Hand Weapons
 q - a +0 war axe
 s - the +9 hand axe of Articulation (weapon) {antimagic, rPois rN+ rCorr}
   (You found it on level 4 of the Dungeon)

   rPois:     It protects you from poison.
   rN+:       It protects you from negative energy.
   rCorr:     It protects you from acid and corrosion.
 D - the +6 hand axe of Cheibriados's Grace {drain, rElec rF+ Str+3}
   (You found it on level 7 of the Dungeon)

   Str+3:     It affects your strength (+3).
   rF+:       It protects you from fire.
   rElec:     It insulates you from electricity.
 M - the +8 hand axe "Fivotiep" {holy, rPois SInv}
   (You bought it in a shop on level 10 of the Dungeon)

   rPois:     It protects you from poison.
   SInv:      It lets you see invisible.
Armour
 b - a +0 plate armour of fire resistance (worn)
 n - a +0 pair of boots
 r - a +0 helmet (worn)
 F - a +1 pair of boots (worn)
 I - a +0 buckler (worn)
Jewellery
 a - an amulet of the acrobat
 g - an amulet of regeneration (around neck)
 z - a ring of flight
 J - a ring of ice
 N - the ring "Olodosma" (left hand) {rF+ SInv}
   (You bought it in a shop on level 10 of the Dungeon)

   [ring of see invisible]

   rF+:       It protects you from fire.
   SInv:      It lets you see invisible.
 P - the ring "Rovuamoq" (right hand) {Will+ Str+2 Int-2 Dex+6 Stlth+}
   (You found it on level 11 of the Dungeon)

   [ring of dexterity]

   Str+2:     It affects your strength (+2).
   Int-2:     It affects your intelligence (-2).
   Dex+6:     It affects your dexterity (+6).
   Will+:     It increases your willpower.
   Stlth+:    It makes you more stealthy.
Wands
 e - a wand of mindburst (30)
 w - a wand of paralysis (19)
 x - a wand of polymorph (7)
 A - a wand of warping (8)
 H - a wand of quicksilver (12)
 Q - a wand of flame (8)
Scrolls
 h - a scroll of enchant armour {unknown}
 i - a scroll of acquirement {unknown}
 j - 6 scrolls of teleportation
 l - a scroll of enchant weapon {unknown}
 m - 3 scrolls of poison
 p - a scroll of blinking
 t - a scroll of fear
 y - a scroll of revelation {unknown}
 E - a scroll of immolation
 G - a scroll of summoning {unknown}
 K - a scroll of amnesia
 L - a scroll of silence {unknown}
 O - a scroll of fog {unknown}
Potions
 c - 4 potions of heal wounds
 d - 2 potions of cancellation
 f - 2 potions of invisibility
 k - 6 potions of curing
 o - a potion of brilliance
 u - 3 potions of resistance
 v - a potion of enlightenment {unknown}
 B - 4 potions of lignification
 C - a potion of haste {unknown}


   Skills:
 * Level 8.6 Fighting
 * Level 13.6 Axes
 * Level 10.1 Armour
 * Level 4.5 Dodging
 + Level 0.3 Stealth
 * Level 3.1 Shields
 * Level 3.2 Evocations


You had 10 spell levels left.
You didn't know any spells.
Your spell library was empty.

Dungeon Overview and Level Annotations

Branches:
Dungeon (12/15)            Temple (0/1) D:6            Lair (0/5) D:8
    Orc: D:9-12

Altars:
Ashenzari
Gozag
Sif Muna
Vehumet
Yredelemnul
Zin

Shops:
D:3 (   D:10 *

Annotations:
D:12 Jorgrun


Innate Abilities, Weirdness & Mutations

Your spellcasting is much less encumbered by armour.
You can use scrolls of enchantment on lesser artefacts.


Message History

You now have 263 gold pieces (gained 23).
You see here a +0 heavy sling.
You see here a +0 dagger.
k - 6 potions of curing (gained 1)
Q - a wand of flame (8)
You now have 275 gold pieces (gained 12).
Found a stone staircase leading down.
You now have 291 gold pieces (gained 16).
A cyclops comes into view.
The cyclops shouts!
Jorgrun Earthshaker comes into view.
He is wielding a staff of earth and wearing a +2 robe of willpower.
Jorgrun shouts!
The cyclops throws a large rock.
The large rock hits you!!!
Jorgrun gestures at the rock wall while chanting.
You hear a grinding noise.
Jorgrun casts a spell next to you.
The wall shatters!
The blast of rock fragments hits you but does no damage.
Some rock shatters into small pieces.
Jorgrun hits you but does no damage.
You slash Jorgrun!
Jorgrun's magic leaks into the air.
Jorgrun is lightly wounded.
Jorgrun closely misses you.
You barely miss Jorgrun.
Jorgrun is lightly wounded.
Jorgrun hits you with a staff of earth.
You slash Jorgrun!
Jorgrun's magic leaks into the air.
Jorgrun is moderately wounded.
You slash Jorgrun!
Jorgrun's magic leaks into the air.
Jorgrun is moderately wounded.
Jorgrun hits you with a staff of earth. The ground beneath you fractures!!
You hit Jorgrun.
Jorgrun is moderately wounded.
You hit Jorgrun.
Jorgrun is moderately wounded.
You slash the cyclops!
Jorgrun points at you and mumbles some strange words.
The iron shot hits you!!!
Ouch! That really hurt!
You die...

####### ..# #.....# ...
#.# #.....# #..... #.#
#.....# #..... #.#
#.....# .# #..... #.#
#.....# #.# #.....# #.#
#.....# #.#
#......##>####.....# #.#
#.....#g@..........# #.#
#.....##C.####.....###.#
#.........# #.........#
####.......# #.........#
#.)###.#.##.....##..##
#.. #.##.#.....##....
#.. #......##..##....
#.. #......##..##...#
#.. #.#######..##...#


You could see Jorgrun (magic disrupted) and a cyclops.

Vanquished Creatures
  Erolcha (D:12)
  A boulder beetle (D:11)
  Pikel (D:6)
  2 unseen horrors
  A kobold demonologist (D:10)
  3 trolls
  A vampire (D:11)
  3 shadows
  A wraith (D:10)
  13 yaks
  A basilisk (D:11)
  An acid dragon (D:10)
  A water moccasin (D:7)
  2 sky beasts (D:6)
  4 ice beasts
  2 black bears (D:6)
  An ogre (D:5)
  2 centaurs
  A weeping skull (D:7)
  4 lemures (D:6)
  6 kobold brigands
  3 bullfrogs
  A gnoll sergeant (D:10)
  A scorpion (D:5)
  A jelly (D:4)
  A bombardier beetle (D:5)
  2 hounds
  3 orc priests
  4 sleepcaps
  A gnoll bouda (D:7)
  2 iguanas
  4 orc wizards
  Robin (D:3)
  14 gnolls
  13 adders
  A ribbon worm (D:4)
  A dart slug (D:2)
  13 orcs
  13 ball pythons
  2 bats
  8 endoplasms
  3 giant cockroaches
  18 goblins
  6 hobgoblins
  3 jackals (D:5)
  4 quokkas
  4 frilled lizards
  23 kobolds
  2 rats
  A spectral orc (D:7)
205 creatures vanquished.

Vanquished Creatures (collateral kills)
  Fannar (D:10)
1 creature vanquished.

Grand Total: 206 creatures vanquished

Notes
Turn   | Place    | Note
-------+----------+-------------------------------------------
     0 | D:1      | Doorstop00 the Mountain Dwarf Berserker began the quest for
                  | the Orb.
     0 | D:1      | Reached XP level 1. HP: 19/19 MP: 1/1
   163 | D:1      | Reached XP level 2. HP: 22/26 MP: 2/2
   319 | D:1      | Reached skill level 4 in Axes
  1102 | D:2      | Reached XP level 3. HP: 13/33 MP: 3/3
  1565 | D:2      | Reached ** piety under Trog
  1703 | D:3      | Found a faded altar of an unknown god.
  1711 | D:3      | Reached XP level 4. HP: 40/40 MP: 4/4
  1909 | D:3      | Found Bemmesha's Antique Weapon Shop.
  2003 | D:3      | Noticed Robin
  2019 | D:3      | Reached skill level 5 in Axes
  2027 | D:3      | Killed Robin
  2440 | D:4      | Reached XP level 5. HP: 34/46 MP: 5/5
  2506 | D:4      | Reached *** piety under Trog
  2518 | D:4      | Identified the +9 hand axe of Articulation {antimagic,
                  | rPois rN+ rCorr}
  2630 | D:4      | Reached skill level 6 in Axes
  3335 | D:5      | Entered Level 5 of the Dungeon
  3378 | D:5      | Noticed an ice beast
  3392 | D:5      | Killed an ice beast
  3393 | D:5      | Reached XP level 6. HP: 33/53 MP: 2/6
  3452 | D:5      | Noticed an ice beast
  3457 | D:5      | Reached skill level 7 in Axes
  3466 | D:5      | Killed an ice beast
  3492 | D:5      | Reached XP level 7. HP: 53/60 MP: 2/7
  3720 | D:5      | Reached skill level 8 in Axes
  3907 | D:6      | Noticed Pikel
  3919 | D:6      | Reached skill level 5 in Fighting
  3967 | D:6      | Killed Pikel
  3968 | D:6      | Reached skill level 9 in Axes
  3968 | D:6      | Reached XP level 8. HP: 37/70 MP: 2/8
  4034 | D:6      | Reached skill level 5 in Armour
  4106 | D:6      | Reached skill level 10 in Axes
  4447 | D:6      | Found a staircase to the Ecumenical Temple.
  4591 | D:6      | Reached **** piety under Trog
  4787 | D:7      | Reached XP level 9. HP: 78/78 MP: 3/9
  4949 | D:7      | Identified the +6 hand axe of Cheibriados's Grace {drain,
                  | rElec rF+ Str+3}
  5076 | D:7      | Reached skill level 11 in Axes
  5287 | D:7      | Found a basalt altar of Yredelemnul.
  5665 | D:8      | Found an opulent altar of Gozag.
  5701 | D:8      | Found a glowing silver altar of Zin.
  5739 | D:8      | Reached skill level 12 in Axes
  5796 | D:8      | Found a staircase to the Lair.
  5976 | D:8      | Found a radiant altar of Vehumet.
  6172 | D:9      | You fall into a shaft and drop 2 floors!
  6190 | D:11     | Noticed a troll
  6198 | D:11     | Killed a troll
  6199 | D:11     | Reached XP level 10. HP: 86/86 MP: 3/10
  6238 | D:10     | Entered Level 10 of the Dungeon
  6455 | D:10     | Noticed Fannar
  6477 | D:10     | Killed Fannar
  6478 | D:10     | Reached skill level 1 in Shields
  6478 | D:10     | Reached skill level 1 in Evocations
  6588 | D:9      | Found a broken altar of Ashenzari.
  6588 | D:9      | Found a shimmering blue altar of Sif Muna.
  6899 | D:9      | Noticed a five-headed hydra
  6938 | D:9      | Noticed a boulder beetle
  7477 | D:10     | Found Ehuas's Antique Artefacts.
  7491 | D:10     | Bought an iridescent hand axe for 240 gold pieces
  7491 | D:10     | Identified the +8 hand axe "Fivotiep" {holy, rPois SInv}
                  | (You bought it in a shop on level 10 of the Dungeon)
  7491 | D:10     | Bought a translucent copper ring for 150 gold pieces
  7491 | D:10     | Identified the ring "Olodosma" {rF+ SInv} (You bought it in
                  | a shop on level 10 of the Dungeon)
  7573 | D:10     | Reached skill level 13 in Axes
  7807 | D:11     | Noticed a boulder beetle
  7845 | D:11     | Killed a boulder beetle
  7930 | D:11     | Noticed a soul eater
  7957 | D:10     | Reached ***** piety under Trog
  8187 | D:11     | Identified the ring "Rovuamoq" {Will+ Str+2 Int-2 Dex+6
                  | Stlth+}
  8400 | D:12     | Noticed Erolcha
  8410 | D:12     | Killed Erolcha
  8411 | D:12     | Reached XP level 11. HP: 95/95 MP: 3/11
  8448 | D:12     | Found a flickering gateway to a bazaar.
  8456 | D:12     | Reached skill level 10 in Armour
  8471 | Bazaar   | Entered a bazaar
  8495 | Bazaar   | Found Meijocvu's Antique Armour Shoppe.
  8495 | Bazaar   | Found Leommimu's Assorted Antiques.
  8529 | Bazaar   | Found Igoem's Antique Armour Shoppe.
  8554 | Bazaar   | Found Beas Kiz's Antique Weapon Shoppe.
  8554 | Bazaar   | Found Fuwor's Magic Scroll Emporium.
  8682 | D:12     | Noticed Jorgrun
  8694 | D:12     | Killed from afar by Jorgrun

Illustrated notes

Levels and vault maps discovered:
D:1:      lightli_arrival_chessboard, layout_loops_corners
D:2:      layout_basic
D:3:      layout_loops_ring, serial_shops, shop, ebering_ecumenical_altar_rust,
          grunt_ministairs_4, uniq_robin
D:4:      minmay_thinvault, layout_loops_ring, st_stairs_12
D:5:      layout_rooms
D:6:      layout_basic, temple_green, uniq_pikel
D:7:      layout_basic, yredelemnul_forgotten_temple_becter
D:8:      layout_rooms, mainiacjoe_overflow_alcove_4,
          mainiacjoe_overflow_large_starburst, dpeg_oklobed_lair
D:9:      layout_loops_corners, mainiacjoe_overflow_concentric_impassable,
          nicolae_overflow_two_pavilions, erik_orc_1, grunt_tough_drop
D:10:     layout_basic, nicolae_antique_artefacts, uniq_fannar
D:11:     layout_cave_pools, fountainhead
D:12:     layout_long_grid, serial_shops, bzr_entry_islet,
          gammafunk_ghost_spectres, tgw_sif, uniq_sonja, uniq_erolcha,
          uniq_jorgrun

Skill      XL: |  1  2  3  4  5  6  7  8  9 10 11 |
---------------+----------------------------------+-----
Axes           | 4 5 6 7 9 10 12 13 | 13.6
Fighting       | 4 5 6 7 8 |  8.6
Dodging        | 2 3 4 |  4.5
Armour         | 3 4 5 7 9 10 | 10.1
Shields        | 2 3 |  3.1
Evocations     | 3 |  3.2
Stealth        | |  0.3

Action                     |  1- 3 |  4- 6 |  7- 9 | 10-12 || total
---------------------------+-------+-------+-------+-------++-------
  Melee: Hand axe          |   141 |    66 |   320 |   202 ||   729
         War axe           |     5 |    78 |       |       ||    83
 Invoke: Brothers in Arms  |       |       |       |     1 ||     1
  Evoke: Wand              |       |       |       |     6 ||     6
    Use: Scroll            |     4 |     6 |     5 |     2 ||    17
 Armour: Animal skin       |    38 |       |       |       ||    38
         Plate armour      |    97 |   125 |   265 |   183 ||   670
         Chain mail        |     2 |       |       |       ||     2
  Dodge: Dodged            |    58 |    38 |    89 |    69 ||   254
  Block: Buckler           |       |       |     1 |    31 ||    32

Table legend: (Time is in decaauts)
 A = Elapsed time spent in this place.
 B = Non-inter-level travel time spent in this place.
 C = Inter-level travel time spent in this place.
 D = Time resting spent in this place.
 E = Time spent auto-exploring this place.
 F = Levels seen in this place.
 G = Mean time per level.
                   A        B        C        D        E       F      G
               +--------+--------+--------+--------+--------+-----+--------+
         Total |   8621 |   8444 |    177 |    296 |   5795 |  13 |  663.2 |
       Dungeon |   8503 |   8326 |    177 |    296 |   5795 |  12 |  708.6 |
        Bazaar |    118 |    118 |      0 |      0 |      0 |   1 |  118.0 |
               +--------+--------+--------+--------+--------+-----+--------+

Top non-repeatable levels by time:
    D:10: 1218 daAuts
     D:1: 1064 daAuts
     D:4: 931 daAuts
     D:3: 819 daAuts
     D:7: 788 daAuts
     D:6: 766 daAuts
     D:8: 622 daAuts
    D:11: 596 daAuts
     D:5: 562 daAuts
     D:2: 551 daAuts
     D:9: 414 daAuts
    D:12: 166 daAuts
  Bazaar: 118 daAuts
